Cogmind - Beta 17.1 @@@ ROGUE MODE // 2026.08.31 @ 07:38:39 Player: Godsword Result: Self-destructed Performance ------------- Evolutions (2) 1000 Regions Visited (3) 600 Robots Destroyed (11) 55 Value Destroyed (286) 286 Prototype IDs (2) 40 Alien Tech Used (0) 0 Bonus (0) 0 TOTAL SCORE: 1981 Bonus ------- None Cogmind --------- Core Integrity 481/550 Matter 67/300 Energy 100/100 System Corruption 4% Temperature Cool (0) Movement Flying (35) Location -8/Materials Parts ------- > --- POWER (1) -------- (None) > --- PROPULSION (4) --- Improved VTOL Module > --- UTILITY (4) ------ Improved Signal Interpreter Melee Analysis Suite Hacking Suite > --- WEAPON (2) ------- Flail > --- INVENTORY (5) ---- Light Ion Engine Medium Battery (150) Improved Grenade Launcher Improved Grenade Launcher Improved Grenade Launcher Peak State ------------ > --- POWER ------------ Light Deuterium Engine > --- PROPULSION ------- Aerolev Unit Flight Unit Improved VTOL Module > --- UTILITY ---------- Improved Signal Interpreter Melee Analysis Suite Hacking Suite High-powered Tractor Beam > --- WEAPON ----------- Flail > --- INVENTORY -------- Light Ion Engine Medium Battery Improved Grenade Launcher Improved Grenade Launcher Improved Grenade Launcher [Rating: 27] Favorites ----------- Power Light Ion Engine Engine Light Ion Engine Propulsion Aerolev Unit Hover Unit Aerolev Unit Flight Unit Improved VTOL Module Utility Improved Signal Interpreter Device Improved Sensor Array Storage Medium Battery Processor Improved Signal Interpreter Hackware Hacking Suite Weapon Grenade Launcher Energy Cannon Beam Cannon Ballistic Gun Heavy Assault Rifle Launcher Grenade Launcher Impact Weapon Flail Build | -11 -10 -10 -8 ------- Run | Yrd Mat Sub Mat Slots Evolved 4 | . . . 4 Power . | . . . . Propulsion 2 | . . . 2 Utility 2 | . . . 2 Weapon . | . . . . Parts Attached 21 | . 1 1 19 Power 2 | . . 1 1 Engine 2 | . . 1 1 Core . | . . . . Reactor . | . . . . Propulsion 6 | . . . 6 Treads . | . . . . Leg . | . . . . Wheel . | . . . . Hover 2 | . . . 2 Flight 4 | . . . 4 Utility 6 | . . . 6 Device 2 | . . . 2 Storage 1 | . . . 1 Processor 2 | . . . 2 Hackware 1 | . . . 1 Protection . | . . . . Artifact . | . . . . Weapon 7 | . 1 . 6 Energy Gun . | . . . . Energy Cannon 2 | . . . 2 Ballistic Gun 1 | . . . 1 Ballistic Cannon . | . . . . Launcher 3 | . 1 . 2 Special Weapon . | . . . . Impact Weapon 1 | . . . 1 Slashing Weapon . | . . . . Piercing Weapon . | . . . . Special Melee Weapon . | . . . . Unidentified Prototypes 2 | . . . 2 Parts Lost 10 | . . 1 9 Power 1 | . . . 1 Propulsion 5 | . . . 5 Utility 2 | . . . 2 Weapon 2 | . . 1 1 Highest Loss Streak 6 | . . 1 6 To Critical Strikes . | . . . . Average Backups 3 | . 1 4 4 Power 1 | . 1 1 1 Propulsion . | . . . . Utility 1 | . . 1 1 Weapon 1 | . . 2 1 Tool/Special . | . . . . Unused Backups 3 | . 1 . 2 Power 1 | . . . 1 Propulsion . | . . . . Utility . | . . . . Weapon 2 | . 1 . 1 Tool/Special . | . . . . Average Slot Usage (%) 38 | . 10 12 55 Engine 6 | . . 8 9 Hover 6 | . . . 10 Flight 4 | . . . 7 Device 2 | . . . 4 Storage 1 | . . . 1 Processor 4 | . . . 6 Hackware 2 | . . . 4 Energy Cannon 2 | . . . 3 Launcher 6 | . 10 3 5 Peak Build Rating 27 | . 1 1 27 Average Rating 9 | . . . 15 On Entrance . | . . 1 1 Avg Prop Armor Cover (%) 3 | . . . 3 Naked Turns 36 | . 25 11 . Heaviest Build 12 | . 3 3 12 Greatest Support 14 | 3 3 3 14 Greatest Overweight (x) 1 | . . . 1 Average Overweight (x) . | . . . . Largest Inventory Capacity 5 | 5 5 5 5 Average Capacity 5 | 5 5 5 5 Most Carried 5 | 1 5 5 5 Average Carried 3 | . 1 4 4 Final Capacity 5 | 5 5 5 5 Final Carried 5 | 1 5 4 5 Class Distribution -------------------- 91% | Mutant 8% | Scavenger-Sprinter Dominant Class ---------------- Mutant | -10/Materials Mutant | -10/Subcaves Mutant | -8/Materials Resources | -11 -10 -10 -8 ----------- Run | Yrd Mat Sub Mat Matter Collected 306 | 200 50 10 46 Remotely . | . . . . Salvage Created 151 | . 68 . 83 Parts 20 | . 3 . 17 Haulers Intercepted . | . . . . Recyclers Shooed . | . . . . Parts Field Recycled . | . . . . Retrieved Matter . | . . . . Parts Self-Destructed 5 | . . 5 . Prevented . | . . . . Parts Restored . | . . . . Kills | -11 -10 -10 -8 ------- Run | Yrd Mat Sub Mat Combat Hostiles Destroyed 8 | . 3 . 5 Melee 1 | . . . 1 AOE 7 | . 3 . 4 Classes Destroyed 6 | . 1 . 5 Builder 1 | . . . 1 Operator 1 | . . . 1 Watcher 1 | . . . 1 Swarmer 4 | . . . 4 Grunt 3 | . 3 . . Sentry 1 | . . . 1 Best Kill Streak 4 | . 3 . 4 Combat Bots Only 4 | . 3 . 4 Max Kills in Single Turn 2 | . 1 . 2 Gunslinging . | . . . . Exploded 2 | . 1 . 2 Melee 1 | . . . 1 Uniques/NPCs Destroyed . | . . . . Combat | -11 -10 -10 -8 -------- Run | Yrd Mat Sub Mat Hostile Shots Fired 57 | . 5 8 44 Missed 20 | . 1 3 16 Hits 37 | . 4 5 28 Melee 1 | . . . 1 Projectile 36 | . 4 5 27 Critical Strikes 4 | . . 1 3 Damage Taken 609 | . 81 107 421 Core 170 | . 33 68 69 Absorbed by Shields . | . . . . Core Remaining (%) 79 | 100 . 59 . Volleys Fired 33 | . 4 . 29 Largest 1 | . 1 . 1 Hottest 60 | . 30 . 60 Shots Fired 33 | . 4 . 29 Gun 8 | . . . 8 Cannon 12 | . . . 12 Launcher 13 | . 4 . 9 Special . | . . . . Kinetic 8 | . . . 8 Thermal 12 | . . . 12 Explosive 13 | . 4 . 9 Electromagnetic . | . . . . Robot Hit Streak 4 | . 4 . . Robot Miss Streak 2 | . . . 2 Penetration Max . | . . . . Secondary Targets . | . . . . Shots Hit Robots 9 | . 4 . 5 Core Hits 13 | . 4 . 9 Critical Kills 1 | . . . 1 Critical Parts Destroyed . | . . . . Critical Strikes 1 | . . . 1 Smash 1 | . . . 1 Melee Attacks 7 | . . . 7 Impact 7 | . . . 7 Slashing . | . . . . Piercing . | . . . . Sneak Attacks . | . . . . Combat Hostiles . | . . . . Follow-up Attacks . | . . . . Damage Inflicted 892 | . 306 . 586 Guns . | . . . . Cannons . | . . . . Explosions 741 | . 306 . 435 Melee 151 | . . . 151 Ramming . | . . . . Kinetic . | . . . . Thermal . | . . . . Explosive 683 | . 248 . 435 Electromagnetic 58 | . 58 . . Impact 151 | . . . 151 Slashing . | . . . . Piercing . | . . . . Highest Corruption 4 | . . . 4 Average Corruption 4 | . . . 4 Corruption Purged . | . . . . Corruption Blocked . | . . . . Overload Shots . | . . . . Overflow Damage 17 | . 10 . 7 Projectiles . | . . . . Explosions 11 | . 10 . 1 Melee 6 | . . . 6 Knockbacks . | . . . . Impact . | . . . . Kinetic . | . . . . Secondary . | . . . . Self-Inflicted Damage 86 | . 25 . 61 Shots 3 | . 1 . 2 Rammed . | . . . . Targets Rammed . | . . . . Kicked . | . . . . Crushed . | . . . . Highest Temperature 145 | . 5 . 145 Average Temperature 67 | . 3 . 71 Received Heat Transfer 165 | . 30 9 126 Siege Activations . | . . . . Martial Activations . | . . . . Shielding Activations . | . . . . Robots Disrupted . | . . . . Combat Hostiles . | . . . . Robots Corrupted . | . . . . Combat Hostiles . | . . . . Parts Fried . | . . . . Impact Corruptions 1 | . . . 1 Robots Melted . | . . . . Combat Hostiles . | . . . . Parts Melted . | . . . . Heat Transferred . | . . . . Parts Sabotaged . | . . . . Parts Stolen . | . . . . Parts Stripped . | . . . . Power Chain Reactions . | . . . . Alert | -11 -10 -10 -8 ------- Run | Yrd Mat Sub Mat Maximum Alert Level . | . . . . Low Security (%) 100 | 100 100 . 100 Level 1 . | . . . . Level 2 . | . . . . Level 3 . | . . . . Level 4 . | . . . . Level 5 . | . . . . High Security . | . . . . Max Security . | . . . . Peak Influence 106 | . 106 . 100 Initial . | . . . . Average 39 | . 65 . 32 Influence Increases 390 | . 132 . 258 Destroy 0b10 Robot/C 160 | . 60 . 100 Destroy 0b10 Robot/NC 15 | . . . 15 Destroy Leader 42 | . 20 . 22 Successful Hack 10 | . 6 . 4 Disable Machine 60 | . 30 . 30 Destroy Structure 73 | . 16 . 57 Lose Combat Pursuer 30 | . . . 30 Influence Decreases 340 | . 56 76 208 Entered New Map 37 | . . 37 . Time Decay 203 | . 56 29 118 Lost Part 100 | . . 10 90 Squads Dispatched 2 | . 1 . 1 Investigation . | . . . . Extermination . | . . . . Reinforcement 2 | . 1 . 1 Assault . | . . . . Garrison . | . . . . Intercept . | . . . . Searches Triggered . | . . . . Construction Impeded . | . . . . Haulers Reinforced . | . . . . Active Scanning Responses . | . . . . Cargo Convoy Interrupts . | . . . . Stealth | -11 -10 -10 -8 --------- Run | Yrd Mat Sub Mat Distress Signals 1 | . 1 . . Communications Jammed . | . . . . Distress Signals . | . . . . Times Spotted 26 | . 6 4 16 Peak Tracking Total 8 | . 4 4 8 Tactical Retreats 1 | . . . 1 Traps | -11 -10 -10 -8 ------- Run | Yrd Mat Sub Mat Traps Triggered . | . . . . Indirectly . | . . . . Trap Hack Attempts . | . . . . Triggered . | . . . . Disarmed . | . . . . Reprogrammed . | . . . . Reused . | . . . . Traps Extracted . | . . . . Installed . | . . . . Triggered . | . . . . Machines | -11 -10 -10 -8 ---------- Run | Yrd Mat Sub Mat Machines Disabled 4 | . 2 . 2 Max in Single Turn 1 | . 1 . 1 Machines Repaired . | . . . . Machines Dismantled . | . . . . Machines Sabotaged . | . . . . Overloaded Fab Kills . | . . . . Hacking | -11 -10 -10 -8 --------- Run | Yrd Mat Sub Mat Machines Accessed 4 | . 1 . 3 Terminals 4 | . 1 . 3 Fabricators . | . . . . Repair Stations . | . . . . Recycling Units . | . . . . Scanalyzers . | . . . . Garrison Access . | . . . . Total Hacks 9 | . 2 . 7 Successful 4 | . 1 . 3 Failed 5 | . 1 . 4 Catastrophic . | . . . . Database Lockouts . | . . . . Manual 7 | . 2 . 5 Terminals 9 | . 2 . 7 Fabricators . | . . . . Repair Stations . | . . . . Recycling Units . | . . . . Scanalyzers . | . . . . Garrison Access . | . . . . Terminal Hacks 2 | . . . 2 Alert Level 1 | . . . 1 Locate Traps 1 | . . . 1 Fabricator Hacks . | . . . . Repair Station Hacks . | . . . . Recycling Unit Hacks . | . . . . Scanalyzer . | . . . . Garrison Access Hacks . | . . . . Unauthorized Hacks 2 | . 1 . 1 Terminals 2 | . 1 . 1 Assimilate 2 | . 1 . 1 Fabricators . | . . . . Repair Stations . | . . . . Recycling Units . | . . . . Scanalyzers . | . . . . Garrison Access . | . . . . Data Cores Recovered 1 | . . . 1 Used . | . . . . Hacking Detections 2 | . 1 . 1 Full Trace Events . | . . . . Feedback Events . | . . . . Feedback Blocked . | . . . . Robot Schematics Acquired . | . . . . Robots Built . | . . . . Authchips . | . . . . Time . | . . . . Total Robot Build Rating . | . . . . Part Schematics Acquired . | . . . . Parts Built . | . . . . Authchips . | . . . . Time . | . . . . Total Part Build Rating . | . . . . Part Studies Acquired . | . . . . Parts Repaired . | . . . . Time . | . . . . Parts Recycled . | . . . . Recycled Matter . | . . . . Retrieved Matter . | . . . . Retrieved Components . | . . . . Parts Scanalyzed . | . . . . Part Schematics Acquired . | . . . . Parts Damaged . | . . . . Bothacking | -11 -10 -10 -8 ------------ Run | Yrd Mat Sub Mat Used RIF Installer . | . . . . Robots Hacked . | . . . . Non-combat . | . . . . Combat . | . . . . Robot Hacks Applied . | . . . . Relay Couplers Released . | . . . . Fabnet Peak Effective % . | . . . . Robots Rewired . | . . . . Allies Hacked . | . . . . Hacks Repelled . | . . . . Allies | -11 -10 -10 -8 -------- Run | Yrd Mat Sub Mat Total Allies . | . . . . Largest Group . | . . . . Highest-Rated Group . | . . . . Highest-Rated Ally . | . . . . Total Orders . | . . . . Ally Attacks . | . . . . Total Damage . | . . . . Kills . | . . . . Allies Corrupted . | . . . . Allies Melted . | . . . . Intel | -11 -10 -10 -8 ------- Run | Yrd Mat Sub Mat Active Infowar (turns) 146 | . . . 146 Sensors 146 | . . . 146 Robot Analysis Total . | . . . . Derelict Logs Recovered . | . . . . Drone Launches . | . . . . Drone Recoveries . | . . . . Exploration | -11 -10 -10 -8 ------------- Run | Yrd Mat Sub Mat Turns Passed 535 | 18 121 75 321 Spaces Moved 697 | 35 142 147 373 Core 362 | 35 142 147 38 Treads . | . . . . Legs . | . . . . Wheels . | . . . . Hover 248 | . . . 248 Flight 87 | . . . 87 Fastest Speed 32 | 50 50 50 32 Average Speed 49 | 50 50 50 49 Slowest Speed 110 | 50 50 50 110 Overloaded Moves . | . . . . Propulsion Burnouts . | . . . . Robots Hopped . | . . . . Potential Cave-ins . | . . . . Cave-ins Triggered . | . . . . Exploration Rate (%) 17 | 3 20 11 34 Regions Visited 3 Branch Regions 1 Pre-discovered Areas . | . . . . Known Exits Taken . | . . . . Unknown Exits Taken 3 | 1 1 1 . Scrap Searched . | . . . . Spaces Dug . | . . . . Terrain Destroyed 67 | . 16 . 51 Melee . | . . . . Projectile . | . . . . AOE 67 | . 16 . 51 Terrain Rammed . | . . . . Walls Destroyed . | . . . . Machines Disabled . | . . . . Actions | -11 -10 -10 -8 --------- Run | Yrd Mat Sub Mat Total 833 | 35 187 147 464 Wait 59 | . 35 . 24 Move 694 | 34 141 146 373 Hop . | . . . . Pick Up 10 | 1 5 . 4 Fast Attach 14 | . 1 . 13 Attach 4 | . . 1 3 Detach 2 | . . . 2 Swap 5 | . . . 5 Drop 5 | . 1 . 4 Fire 33 | . 4 . 29 Melee 7 | . . . 7 Ram . | . . . . Kick . | . . . . Crush . | . . . . Escape Stasis . | . . . . Rewire . | . . . . Trap . | . . . . Miscellaneous . | . . . . Route ------- -11/Scrapyard -10/Materials -10/Subcaves -8/Materials History --------- Turn | Location | Event 3 | -11/Scrapyard | Discovered new exit (range 16) 19 | -11/Scrapyard | Entered Materials 137 | -10/Materials | Discovered new exit (range 8) 140 | -10/Materials | Entered Subcaves 209 | -10/Subcaves | Shifting Twisted Machinery released Sub. Laser 209 | -10/Subcaves | Discovered new exit (range 8) 215 | -10/Subcaves | Entered Materials 215 | -8/Materials | Evolved 4 slots: Propulsion x2, Utility x2 331 | -8/Materials | Build established: Mutant 497 | -8/Materials | Lost 3 parts (2n1u) 536 | -8/Materials | Self-destructed Last Messages --------------- 00504_ Grenade Launcher destroyed. 00504_ Critical hit (Burn: +37). 00507_ Destroyed Heat Sink. 00507_ Y-45 Defender system corrupted by crushing effect. 00510_ Flight Unit destroyed. 00515_ Y-45 Defender suffers critical hit (Smash). 00515_ Y-45 Defender destroyed. 00517_ Acquired 44 matter. 00518_ Dropped Hvy. Assault Rifle. 00519_ Dropped Ion Cannon. 00520_ Acquired Imp. Grenade Launcher. 00526_ Acquired Hpw. Tractor Beam. 00529_ Hpw. Tractor Beam destroyed. 00533_ Aerolev Unit destroyed. 00535_ Lgt. Deuterium Engine destroyed. 00535_ Flight Unit destroyed. 00535_ System corrupted by crushing effect (+3). 00535_ System corrupted by crushing effect (+1). Map ----- +----------------------------------------------------+ | | | | | | | | | | | | | | | | | | | | | | | | | | | | | ??????????????????????????????????????????????? | | ??????????????????????????????????????????????? | | ??????????????????????????????????????????????? | | ??????????????????????????????????????????????? | | ?????????????????????????????????????????###??? | | ???????????????????????????????????????### #### | | ????????????????????????????????????#### ![*[]# | | ????????????????????????????????????# # [! # | | ???????????????????????????###+##???# # !] # | | ?????????????######+######## ##### + !]]# | | ?????????? g Y # # | | ?????????? g b@ ! T YY # # | | ?????????????????########### ##### ######## | | ???????????????????????????## ##???# # # | | ????????????????????????????# #????# # """ # | | ????????????????????????????# +????# # """ # | | ????????????????????????????# #????# +]""" # | | ????????????????????????????# #????## # # | | ????????????????????????????# #?????# # # | | ???########## ??????????????# #?????# # # | | ### ???????????????/ #?????# #! [ # | | ????????????????# #?????# # ][ # | | " #??????????????????## #?????# # ][ # | | #??????????????????# ###### # # | | ### #??????????????????# # # | | ## ##??????????????????# # # | | ## #???????????????????# ### ######## | | ## #???????????????????##+##??# #??????? | | ## #############?????????? ???# #??????? | | ## # #????? / ""??# ######## | | ## # #?????? """?# #+###### | | ## # #??????? """ # # [ # | | ## # #????????? # # | | ## # #????????????" # # !![ | | #### # #??????????????+ # !! # | | "" # + #??????????????# + ! # | +----------------------------------------------------+ Best States ------------- Heat Dissipation 31 Energy Generation 14 Energy Capacity 275 Matter Stores 300 Matter Capacity 300 Sight Range 16 Robot Scan Range 15 Terrain Scan Density 10 Evasion (%) 63 Melee Accuracy 5 Offensive Hacking 10 Item Schematics ----------------- None Robot Schematics ------------------ None Fabricated ------------ Nothing Repaired ---------- Nothing Studied --------- None Alien Tech Used ----------------- None Achievements -------------- None Challenges ------------ None Game ------ Seed MasterSpectralCompressor Manual? 0 Play Time 00:11:31 Cumulative 40.9 hours Start 2026.08.31 @ 07:29:03 End 2026.08.31 @ 07:38:39 Sessions 1 Manual Loads 0 Difficulty Rogue Special Mode None Game No. 104 Rogue 104 Adventurer 0 Explorer 0 Win Type - Total 3 Types 3/0/0/0/0/0/0/0/0/0 Lore% 40 Gallery% 35 Achievement% 41 Wizard Run 0 Options --------- Layout 2 ASCII 0 Keyboard 0 Movement Mouse Keybinds 0 Fullscreen 1 Font 16/SmallcapsGlow Map View 50x49 Zoom Use 0% Tactical HUD 1 Map Filters NONE Filters NONE Steam SD RUN: 768f107b-fdf9-4b66-8e93-82e17cec33dd